 Dungeon Crawl Stone Soup version 0.23-a0-449-g8e4cbf7b70 (webtiles) character file.

135 LLavrengius the Chopper (level 5, -2/47 HPs)
             Began as a Hill Orc Monk on Nov 21, 2018.
             Killed from afar by Sigmund (6 damage)
             ... with a puff of flame
             ... on level 2 of the Dungeon.
             The game lasted 00:06:27 (1557 turns).

LLavrengius the Chopper (Hill Orc Monk)             Turns: 1557, Time: 00:06:28

Health: -2/47      AC:  9    Str: 15    XL:     5   Next: 18%
Magic:  5/5        EV:  8    Int: 10    God:
Gold:   62         SH:  7    Dex: 13    Spells: 4/4 levels left

rFire    . . .     SeeInvis .   a - +0 hand axe
rCold    . . .     Gourm    .   h - +0 shield
rNeg     . . .     Faith    .   e - +3 ring mail
rPois    .         Spirit   .   b - +0 helmet
rElec    .         Reflect  .   (no cloak)
rCorr    .         Harm     .   (no gloves)
MR       .....                  (no boots)
Stlth    +.........             (no amulet)
HPRegen  0.15/turn              (no ring)
MPRegen  0.09/turn              (no ring)

@: no status effects
A: no striking features
a: no special abilities


You were on level 2 of the Dungeon.
You were not hungry.

You visited 1 branch of the dungeon, and saw 2 of its levels.

You collected 62 gold pieces.

Inventory:

Hand Weapons
 a - a +0 hand axe (weapon)
 q - a +2 hunting sling of flaming
 r - a +2 dagger of venom
Missiles
 p - 8 javelins (quivered)
Armour
 b - a +0 helmet (worn)
 e - a +3 ring mail (worn)
 h - a +0 shield (worn)
Jewellery
 l - a cursed ring of teleportation {unknown}
Scrolls
 d - 2 scrolls of teleportation {unknown}
 f - 4 scrolls of identify {unknown}
 g - a scroll of amnesia {unknown}
 i - 3 scrolls of remove curse {unknown}
 k - a scroll of enchant armour {unknown}
 m - a scroll of enchant weapon {unknown}
Potions
 j - 3 potions of curing {unknown}
 o - 2 potions of berserk rage {unknown}
Comestibles
 c - 4 rations


   Skills:
 + Level 4.9 Fighting
 + Level 6.6 Axes
 - Level 2.4 Dodging
 - Level 1.5 Stealth


You had 4 spell levels left.
You didn't know any spells.
Your spell library was empty.

Dungeon Overview and Level Annotations

Branches:
Dungeon (2/15)

Altars:

Annotations:
D:2 Sigmund


Message History

You are confused.
You closely miss Sigmund.
Sigmund is lightly wounded.
Sigmund hits you but does no damage.
You bump into the rock wall.
Sigmund hits you from afar with a +3 scythe of slicing.
* * * LOW HITPOINT WARNING * * *
You bump into the rock wall.
Sigmund hits you but does no damage.
You bump into the rock wall.
Sigmund hits you from afar with a +3 scythe of slicing!
* * * LOW HITPOINT WARNING * * *
x2 You feel less confused.
Sigmund barely misses you.
Sigmund mumbles some strange words.
Sigmund flickers and vanishes!
Deactivating autopickup; reactivate with Ctrl-A.
A rat comes into view.
A puff of flame appears from out of thin air!
The puff of flame hits you!
You die...

#.# .# #.# #r# .#
#.# #.# .#.#.#
#.###.#.#.#
#....#..#.#########
#.{##.###..........
#..##.......)...#
#.>######.#####....
#.@# #.#### #
#..######....#
#.........##.#
##.######## # #.#
#.# #.# #.# #.#


You could see a rat.

Vanquished Creatures
  Jessica (D:2)
  A worker ant (D:2)
  Robin (D:2)
  An adder (D:2)
  An ooze (D:1)
  A dart slug (D:1)
  4 leopard geckos
  A giant cockroach (D:1)
  19 goblins
  7 hobgoblins
  4 kobolds
  4 bats
  2 frilled lizards (D:1)
  5 rats
52 creatures vanquished.

Notes
Turn   | Place    | Note
-------+----------+-------------------------------------------
     0 | D:1      | LLavrengius the Hill Orc Monk began the quest for the Orb.
     0 | D:1      | Reached XP level 1. HP: 19/19 MP: 1/1
   312 | D:1      | Reached XP level 2. HP: 21/27 MP: 2/2
   505 | D:1      | Reached skill level 5 in Axes
   505 | D:1      | Reached XP level 3. HP: 29/33 MP: 3/3
  1129 | D:2      | Noticed Jessica
  1142 | D:2      | Killed Jessica
  1142 | D:2      | Reached skill level 6 in Axes
  1142 | D:2      | Reached XP level 4. HP: 40/41 MP: 4/4
  1273 | D:2      | Noticed Robin
  1301 | D:2      | Reached XP level 5. HP: 33/47 MP: 5/5
  1311 | D:2      | Killed Robin
  1517 | D:2      | Noticed Sigmund
  1557 | D:2      | Killed from afar by Sigmund

Vault maps used:
D:1:      lightli_arrival_isolated_outpost, st_stairs_3
D:2:      uniq_robin, uniq_sigmund, uniq_jessica

Skill      XL: |  1  2  3 |
---------------+----------+-----
Fighting       | 4 |  4.9
Axes           | 5 6 |  6.6
Dodging        | |  2.4
Stealth        | |  1.5

Action                   |  1- 3 |  4- 6 || total
-------------------------+-------+-------++-------
Melee: Hand axe          |   142 |    68 ||   210
 Stab: Distracted        |     1 |       ||     1
       Sleeping          |     2 |     1 ||     3
  Eat: Chunk             |     1 |     1 ||     2
Armor: Ring mail         |    53 |    29 ||    82
Dodge: Dodged            |    47 |    14 ||    61
Block: Shield            |    45 |    24 ||    69

Table legend:
 A = Non-vault XP
 B = Vault XP
 C = Vault XP percentage of total XP
 D = Non-vault monster count
 E = Vault monster count
 F = Vault count percentage of total count
                 A         B        C        D         E       F
            +---------+---------+-------+---------+---------+-------
      Total |     119 |      74 |  38.3 |      38 |      14 |  26.9
            +---------+---------+-------+---------+---------+-------
        D:1 |      45 |       3 |   6.2 |      22 |       2 |   8.3
        D:2 |      74 |      71 |  49.0 |      16 |      12 |  42.9
            +---------+---------+-------+---------+---------+-------
